cohdb
Replays
Latest Replays
All Replays
Popular Replays
Top Player Replays
Match Explorer
How It Works
Community
CoH3 Stats
Reddit
Sign in to upload your games and track your stats! →
Sign in with Steam
Match 44858435
Unlisted
Match 44858435
Overview
Messages
Build Orders
End
Construct Barracks
Engineer Squad
Selects Armored Battlegroup
Selects Veteran Crews
1⁄4-ton 4x4 Truck
Riflemen Squad
Riflemen Squad
Riflemen Squad
Grenade Package
Construct Medical Station
Selects Fast Deploy
Infantry Support Center
Engineer Squad
Construct Weapon Support Center
Selects M31 Recovery Vehicle
M3 Armored Personnel Carrier
Advanced Logistics
Selects War Machine
M1918 Browning Automatic Rifles
M3 Armored Personnel Carrier
Bazooka Squad
Selects M8 Scott SPG
.30 cal Machine Gun
M3 Armored Personnel Carrier
M3 Armored Personnel Carrier
Rei
*Mule
0
0
Comments
sign in to comment!
No comments posted yet!